 Dungeon Crawl Stone Soup version 0.27.1-33-g824d729ab1 (webtiles) character file.

Game seed: 15722603458664644998

174 sking99 the Ruffian (level 5, -12/49 HPs)
             Began as a Kobold Berserker on Dec 8, 2021.
             Was a Believer of Trog.
             Mangled by an ice beast (13 damage)
             ... on level 3 of the Dungeon.
             The game lasted 00:03:41 (2800 turns).

sking99 the Ruffian (Kobold Berserker)              Turns: 2800, Time: 00:03:42

Health: -12/49     AC:  2    Str: 16    XL:     5   Next: 84%
Magic:  5/5        EV: 15    Int:  8    God:    Trog [**....]
Gold:   113        SH:  0    Dex: 14    Spells: 4/4 levels left

rFire    . . .     SeeInvis .     - Unarmed
rCold    . . .     Faith    .   (shield restricted)
rNeg     . . .     Spirit   .   a - +0 animal skin
rPois    .         Reflect  .   (no helmet)
rElec    .         Harm     .   (no cloak)
rCorr    .         Rampage  .   (no gloves)
Will     .....                  (no boots)
Stlth    ..........             (no amulet)
HPRegen  0.16/turn              (no ring)
MPRegen  0.09/turn              (no ring)

@: berserking, very quick
A: small, no large weapons, nightstalker 3
a: Renounce Religion, Berserk, Trog's Hand


You were on level 3 of the Dungeon.
You worshipped Trog.
Trog was pleased with you.
You visited 1 branch of the dungeon, and saw 3 of its levels.

You collected 113 gold pieces.

Inventory:

Armour
 a - a +0 animal skin (worn)
Jewellery
 f - a ring of protection from fire
Wands
 m - a wand of iceblast (6)
Scrolls
 b - a scroll of enchant armour {unknown}
 c - a scroll of noise {unknown}
 e - a scroll of magic mapping {unknown}
 i - 2 scrolls of identify {unknown}
 j - a scroll of blinking {unknown}
 k - a scroll of teleportation {unknown}
 l - a scroll of amnesia {unknown}
 n - a scroll of fear {unknown}
 q - a scroll of vulnerability {unknown}
Potions
 d - a potion of curing {unknown}
 g - a potion of flight {unknown}
 h - a potion of might {unknown}
 o - a potion of invisibility {unknown}
 p - a potion of ambrosia {unknown}


   Skills:
 + Level 4.1 Fighting
 + Level 2.4 Armour
 + Level 3.6 Dodging
 * Level 4.4 Unarmed Combat


You had 4 spell levels left.
You didn't know any spells.
Your spell library was empty.

Dungeon Overview and Level Annotations

Branches:
Dungeon (3/15)

Altars:

Annotations:
D:3 3 runed translucent doors


Innate Abilities, Weirdness & Mutations

You are small and have problems with some larger weapons.
You are completely attuned to the shadows.


Message History

Your skin stops crawling.
You feel less strong-willed.
You start waiting.
You feel yourself speed up.
You start waiting.
You recover from your berserk rage.
A kobold comes into view. It is wielding a +0 dagger.
A kobold is nearby!
Found a stone staircase leading down.
Found a shiny lead wand.
An ice beast comes into view.
Found a dagger.
The helpless kobold fails to defend itself.
You punch the kobold!
You kill the kobold!
Trog accepts your kill.
You see here a +0 dagger.
You hit the ice beast.
The ice beast is lightly wounded.
The ice beast hits you. The ice beast freezes you!
You hit the ice beast but do no damage.
The ice beast is lightly wounded.
The ice beast barely misses you.
You hit the ice beast but do no damage. Your punch misses the ice beast.
The ice beast is lightly wounded.
The ice beast barely misses you.
A red film seems to cover your vision as you go berserk!
You feel yourself moving faster!
You feel mighty! The ice beast hits you. The ice beast freezes you!
You punch the ice beast! You punch the ice beast.
The ice beast is severely wounded.
The ice beast hits you. The ice beast freezes you!
* * * LOW HITPOINT WARNING * * *
You hit the ice beast.
The ice beast is severely wounded.
You punch the ice beast!
The ice beast is almost dead.
The ice beast hits you.
* * * LOW HITPOINT WARNING * * *
The ice beast freezes you!
You die...

..#..#..##.##........#
.......###..#..##.##..
...............# .# #.
..#..######....# ##
##......####..# ..#.
#..##... .... ....
##..#... ....
.....#####..... S.
.......#.Y@.#... #.
..........##.#... ..
.........####.# .. ..
.........# #.# ..
.........# .. #.
........## ....)...#
........>) ..../....#


You could see an ice beast.

Vanquished Creatures
  Purgy (D:3)
  Terence (D:3)
  An adder (D:3)
  2 worms
  2 dart slugs (D:2)
  6 endoplasms
  4 giant cockroaches
  A goblin (D:2)
  2 hobgoblins (D:1)
  3 kobolds
  2 quokkas
  5 ball pythons
  3 bats
  3 frilled lizards
  5 rats
41 creatures vanquished.

Notes
Turn   | Place    | Note
-------+----------+-------------------------------------------
     0 | D:1      | sking99 the Kobold Berserker began the quest for the Orb.
     0 | D:1      | Reached XP level 1. HP: 14/14 MP: 1/1
   587 | D:1      | Reached XP level 2. HP: 19/19 MP: 2/2
   706 | D:1      | Found a faded altar of an unknown god.
  1477 | D:2      | Reached XP level 3. HP: 23/23 MP: 3/3
  1887 | D:2      | Reached ** piety under Trog
  2404 | D:3      | Found a runed translucent gate.
  2405 | D:3      | Found a runed translucent gate.
  2406 | D:3      | Found a runed translucent gate.
  2481 | D:3      | Noticed Terence
  2505 | D:3      | Killed Terence
  2506 | D:3      | Reached XP level 4. HP: 29/29 MP: 4/4
  2722 | D:3      | Noticed Purgy
  2732 | D:3      | Killed Purgy
  2733 | D:3      | Reached XP level 5. HP: 33/33 MP: 5/5
  2783 | D:3      | Noticed an ice beast
  2798 | D:3      | HP: 2/49 [ice beast (13)]
  2800 | D:3      | Mangled by an ice beast

Illustrated notes

Levels and vault maps discovered:
D:1:      dpeg_arrival_rooms_a, layout_basic,
          shapermc_ecumenical_altar_starsandcircs, nrook_campfire
D:2:      layout_basic
D:3:      layout_rooms, gammafunk_ghost_necromancy, kennysheep_orc_chapel,
          uniq_terence, uniq_sigmund, uniq_purgy

Skill      XL: |  1  2  3  4 |
---------------+-------------+-----
Dodging        | 3 |  3.6
Armour         | 2 |  2.4
Unarmed Combat | 4 |  4.4
Fighting       | 4 |  4.1

Action                   |  1- 3 |  4- 6 || total
-------------------------+-------+-------++-------
Melee: Unarmed           |   119 |    28 ||   147
       Punch             |     1 |     1 ||     2
Invok: Berserk           |     7 |     3 ||    10
       Trog's Hand       |       |     1 ||     1
 Stab: Sleeping          |    10 |     2 ||    12
       Distracted        |     1 |       ||     1
Armor: Animal skin       |     9 |     1 ||    10
Dodge: Dodged            |    99 |    22 ||   121
